[Event "10th Cherry Blossom Classic 2023"]
[Site "Dulles"]
[Date "2023.05.28"]
[Round "6.23"]
[White "Samuelson, Andrew"]
[Black "Su, Kevin"]
[Result "0-1"]
[ECO "C24"]
[WhiteElo "2019"]
[BlackElo "2038"]
[Annotator "NA RC"]
[PlyCount "58"]
[EventDate "2023.05.24"]
[EventType "swiss"]
[EventCountry "USA"]
[SourceTitle "playchess.com"]
[Source "ChessBase"]
[SourceQuality "1"]
[TimeControl "5400+30"]

1. e4 e5 2. Bc4 Nf6 3. d3 c6 4. Nf3 d5 5. Bb3 Bd6 6. Nc3 a5 7. a4 d4 8. Ne2 O-O 9. O-O c5 10. Ng3 Be6 11. c3 Nc6 12. Bc2 h6 13. Nh4 Ne7 14. Nhf5 Nxf5 15. exf5 Bd5 16. f4 c4 17. cxd4 exd4 18. dxc4 Bxc4 19. Bd3 Rc8 20. Kh1 Re8 21. Bxc4 Rxc4 22. b3 Rc5 23. Bb2 Rd5 24. Rc1 Bb4 25. Rc4 d3 26. Bc3 d2 27. Ne2 Rxe2 28. Qxe2 d1=Q 29. Rxd1 Rxd1+ 0-1

[Event "10th Cherry Blossom Classic 2023"]
[Site "Dulles"]
[Date "2023.05.29"]
[Round "7.1"]
[White "Nyzhnyk, Illya"]
[Black "Kantor, Gergely"]
[Result "1/2-1/2"]
[ECO "E36"]
[WhiteElo "2644"]
[BlackElo "2535"]
[Annotator "TA"]
[PlyCount "25"]
[EventDate "2023.05.24"]
[EventType "swiss"]
[EventCountry "USA"]
[SourceTitle "playchess.com"]
[Source "ChessBase"]
[SourceQuality "1"]
[TimeControl "5400+30"]

1. d4 Nf6 2. c4 e6 3. Nc3 Bb4 4. Qc2 O-O 5. a3 Bxc3+ 6. Qxc3 d5 7. Bg5 dxc4 {[%emt 0:04:08] E36: Nimzo-Indian: Classical: 4...d5 5 a3.} 8. Qxc4 b6 9. Rd1 Ba6 {[%emt 0:00:29] The position is equal.} 10. Qa4 h6 {[%emt 0:00:49] 10...h6 scores better than 10...Qd7.} 11. Bh4 Qe7 {[%emt 0:03:21] [#]} 12. f3 $146 ({Predecessor:} 12. Nf3 Rd8 13. Qc2 c5 14. e4 Bxf1 15. Rxf1 g5 16. Nxg5 hxg5 17. Bxg5 Nc6 18. Qc1 Rxd4 19. Rxd4 Nxd4 {½-½ Firouzja,A (2793)-Nakamura,H (2760) Candidates Tournament 2022 (3)}) 12... c5 13. dxc5 {[%emt 0:34:00] A rather calm draw.   Weighted Error Value: White=0.08 (flawless) /Black=0.03 (flawless)} 1/2-1/2

[Event "10th Cherry Blossom Classic 2023"]
[Site "Dulles"]
[Date "2023.05.29"]
[Round "7.2"]
[White "Durarbayli, Vasif"]
[Black "Burke, John M"]
[Result "1-0"]
[ECO "C78"]
[WhiteElo "2627"]
[BlackElo "2583"]
[Annotator "TA"]
[PlyCount "131"]
[EventDate "2023.05.24"]
[EventType "swiss"]
[EventCountry "USA"]
[SourceTitle "playchess.com"]
[Source "ChessBase"]
[SourceQuality "1"]
[TimeControl "5400+30"]

1. e4 e5 2. Nf3 Nc6 3. Bb5 a6 4. Ba4 Nf6 5. O-O Bc5 6. c3 b5 7. Bb3 d6 8. d4 Bb6 9. Be3 (9. a4 $5 Bb7 10. Bg5 $11) 9... O-O {[%emt 0:01:39] C78: Ruy Lopez: Archangelsk and Möller Defences.} 10. h3 Bb7 (10... Nxe4 $2 11. Bd5 Bb7 12. Bxe4 $18) (10... exd4 {with more complications.} 11. cxd4 Nxe4 12. Bd5 Qe8) 11. Nbd2 exd4 {[%emt 0:02:36] The position is equal.} 12. cxd4 Na5 13. Bc2 Re8 14. Qb1 Nc4 15. Nxc4 bxc4 16. Nd2 {[%emt 0:00:04] [#]} (16. e5 {is more complex.} dxe5 17. dxe5 Bxf3 18. exf6 Bc6 19. Bxh7+ Kh8 20. fxg7+ Kxg7 21. Bxb6 cxb6 22. Qc2) 16... h6 $146 ({Predecessor:} 16... Rb8 17. Nxc4 Bxe4 18. Bxe4 Nxe4 19. Qd3 Qd7 20. Rfc1 Nf6 21. Bd2 Ba7 22. Re1 h6 {½-½ Ponomariov,R (2733)-Giri,A (2727) Zug FIDE GP 2013 (4)}) 17. Nxc4 Bxe4 18. Bxe4 Rxe4 19. Qd3 Qe8 20. Nxb6 cxb6 21. d5 Qb5 22. Rfd1 Qxd3 (22... Qxb2 {looks sharper.} 23. Rab1 Qxa2 24. Rxb6 Qc4) 23. Rxd3 Rb4 24. b3 Rc8 25. a3 Rb5 26. Rad1 Rc2 27. Bf4 $36 {[%emt 0:10:17][%mdl 2048] White has the initiative.} Ne4 28. a4 Rb4 29. f3 Nc3 30. Bxd6 Rxb3 31. Be5 Nxd1 32. Rxb3 $14 {[%emt 0:02:22][%mdl 4096] Endgame Rd3 would be deadly. KRB-KRN} f6 $1 33. Bd4 {[%emt 0:02:54] Rd3 is the strong threat.} Rd2 {[%emt 0:01:41] Dodges Rd3} 34. Bxb6 Rxd5 35. Kf1 Rd2 36. a5 $1 Nb2 $1 37. Rc3 {[%emt 0:00:05] Wards off Nc4} Kf7 38. Rc7+ Kg6 39. g4 h5 (39... Nd3 $1 $11) 40. gxh5+ Kxh5 41. Rxg7 Nc4 42. Bc7 Ra2 43. Bd8 Nxa5 44. Bxf6 Nc4 45. Kg1 Re2 ({Black should play} 45... Nd2 $11) 46. f4 (46. Rg5+ $14 Kh6 47. f4) 46... Nd6 {[%emt 0:02:14] [#]} (46... Nd2 $11 {remains equal.}) 47. f5 {[%emt 0:03:09] White is more active.} Kh6 $1 $11 (47... Nxf5 $2 48. Rg5+ Kh6 49. Rxf5 $18) 48. Rg6+ Kh7 49. Rg7+ Kh6 50. Rg5 a5 51. h4 a4 52. Bd4 {[%emt 0:00:50] Black must now prevent Rg6+.} Nb5 (52... Nf7 $1 $11 53. Rg7 Ne5 54. Bxe5 Rxe5) 53. Bg7+ $16 Kh7 {[%emt 0:00:01] [#]} 54. f6 $1 {[%emt 0:00:04][%cal Of6f7] White wants to mate with f7!} Nd6 55. Bf8 Re6 (55... Ne4 $16 56. Rg7+ Kh8) 56. Rg7+ Kh8 57. f7 Nxf7 58. Rxf7 {[%emt 0:00:02] KRB-KR} Re4 59. h5 Kg8 60. Rf5 Rh4 61. Kg2 Kh7 62. Rf7+ $2 (62. Ra5 {mates} Kg8 63. Be7 Re4 64. Bg5 Rb4 65. Kf3 Rb7 66. Rxa4 Kg7 67. Kg4) 62... Kg8 63. Rf5 Kh7 $1 64. Kg3 {[%emt 0:00:29] White mates.} Rh1 65. Ra5 Rf1 66. Ra7+ {[%emt 0:00:32] Weighted Error Value: White=0.22 (precise) /Black=0.22 (precise)} 1-0

[Event "10th Cherry Blossom Classic 2023"]
[Site "Dulles"]
[Date "2023.05.29"]
[Round "7.3"]
[White "Antipov, Mikhail Al."]
[Black "Matviishen, Viktor"]
[Result "1-0"]
[ECO "D41"]
[WhiteElo "2588"]
[BlackElo "2538"]
[Annotator "TA"]
[PlyCount "69"]
[EventDate "2023.05.24"]
[EventType "swiss"]
[EventCountry "USA"]
[SourceTitle "playchess.com"]
[Source "ChessBase"]
[SourceQuality "1"]
[TimeControl "5400+30"]

1. d4 Nf6 2. c4 e6 3. Nf3 d5 4. Nc3 c5 5. cxd5 Nxd5 6. e4 Nxc3 7. bxc3 cxd4 8. cxd4 Bb4+ 9. Bd2 Bxd2+ 10. Qxd2 O-O 11. Bc4 Nd7 12. O-O b6 13. Rad1 Bb7 14. Rfe1 Rc8 {[%emt 0:00:05] D41: Queen's Gambit Declined: Semi-Tarrasch with 5 cxd5.} 15. Bb3 Qf6 16. Re3 $5 {[%emt 0:07:59][%mdl 4] Leaves trodden paths.} Rfd8 {[%emt 0:00:45] The position is equal.} 17. Qe2 h6 18. h3 Qe7 {[%emt 0:07:28] [#]} 19. a3 $146 ({Predecessor:} 19. d5 Nc5 20. Nd4 exd5 21. Nf5 Qf6 22. Rg3 Nxe4 23. Rxg7+ Kh8 24. Qh5 Nd6 25. Nxd6 Kxg7 26. Nxb7 {1-0 Horvath,D (2501)-Naumann,A (2504) AUT-chT 2223 2022 (1.2)}) 19... Rc7 (19... Qxa3 20. Bxe6 Qb4 21. Bg4 $16) 20. d5 {[%emt 0:06:51] aiming for d6.} Nc5 21. Ba2 Ba6 22. Qd2 exd5 (22... Qe8 $11) 23. exd5 $16 Qf6 24. Ne5 (24. Rde1 $142 $1) 24... Re7 25. Nc6 Rxe3 26. Qxe3 Rd6 (26... Ra8 $16) 27. Qe8+ $18 (27. Nxa7 Bb7 $16) 27... Kh7 {[%emt 0:03:30] Black cannot hold the game after this.} 28. Ne7 $1 ({Not} 28. Nxa7 Bd3 29. Qe1 (29. Nc6 Ne4 $11) 29... Qb2 $14) 28... h5 29. Bb1+ $2 (29. Qg8+ Kh6 30. Qh8+ Kg5 31. f4+ Kh4 32. g3+ (32. Re1 Qxf4 33. Qxg7 Rf6 $18) 32... Kxh3 33. Qxh5+ Kxg3 34. Nf5+ Kxf4 35. Nxd6 Qg6+ 36. Qxg6 fxg6 37. Re1) 29... g6 30. Re1 Rd7 $2 {[%emt 0:09:46] [#]} (30... Qg7 31. g4 Rf6) 31. d6 Bb5 $2 {[%emt 0:00:51] [#]} (31... Bd3 32. Bxd3 Nxd3) 32. a4 $2 Bxa4 $2 {[%emt 0:00:44] [#]} (32... Bd3 $18 33. Qg8+ Kh6) 33. Re5 $3 {[%emt 0:00:26][%mdl 576] Deflection, Back Rank} Bd1 {[%emt 0:09:46] [#]} (33... Bc2 34. Bxc2) 34. Rf5 Rxe7 35. Qxe7 {[%emt 0:00:09] A fantastic game!   Weighted Error Value: White=0.85/Black=0.80} (35. Rxf6 $2 {loses.} Rxe8 36. Rxf7+ Kh6 37. Rxa7 Ba4 $19) 1-0

[Event "10th Cherry Blossom Classic 2023"]
[Site "Dulles"]
[Date "2023.05.29"]
[Round "7.4"]
[White "Bora, Safal"]
[Black "Khanin, Semen"]
[Result "1/2-1/2"]
[ECO "A50"]
[WhiteElo "2462"]
[BlackElo "2566"]
[Annotator "TA"]
[PlyCount "79"]
[EventDate "2023.05.24"]
[EventType "swiss"]
[EventCountry "USA"]
[SourceTitle "playchess.com"]
[Source "ChessBase"]
[SourceQuality "1"]
[TimeControl "5400+30"]

1. d4 Nf6 2. c4 e6 3. Bf4 d5 4. cxd5 Nxd5 5. Bg3 c5 6. e4 {[%emt 0:00:25] A50: Queen's Fianchetto Defence (1 d4 Nf6 2 c4 b6).} Nf6 7. Nd2 Nc6 8. dxc5 {[%emt 0:01:23] The position is equal.} Bxc5 9. e5 Nd5 10. Ngf3 O-O {[%emt 0:04:06] [#]} 11. Bc4 $146 ({Predecessor:} 11. a3 b6 12. Ne4 a5 13. Rc1 Nce7 14. Bd3 Ba6 15. Bxa6 Rxa6 16. O-O Qa8 17. Re1 {0-1 Niemann,H (2699)-Robson,R (2690) USA-ch Saint Louis 2022 (6)}) 11... Nb6 12. Be2 Nd4 13. Nxd4 Qxd4 14. O-O Qxb2 15. Ne4 Be7 16. Bd3 {[%emt 0:04:47] Hoping for Rb1.} Rd8 17. Nd6 {[%emt 0:06:02] Rb1 would be deadly.} Bxd6 18. exd6 Nd7 (18... Qf6 $11 {keeps the balance.}) 19. Rc1 $16 {[%emt 0:07:21][%mdl 1024] White has strong compensation.} ({Of course not} 19. Qh5 Nf6 20. Qf3 Nd5 $14) 19... Nf8 20. Rc7 Bd7 21. Qf3 (21. Be4 $5 ) 21... Rab8 {[%emt 0:02:07] [#]} (21... Qxa2 $11 {remains equal.} 22. Rd1 (22. Qxb7 Qd5 $16) (22. Rxb7 Rab8 $16) 22... f6) 22. a3 $1 {[%emt 0:03:10] White has more active pieces. The black rooks are badly placed.} Qf6 23. Qe3 (23. Rxb7 $2 {perishes.} Qxf3 24. Rxb8 Qf6 $19) 23... Ng6 {[%emt 0:00:35] Against Be5} 24. Qxa7 Bc6 {[%emt 0:01:20] [#]} 25. d7 Ra8 $15 26. Qxa8 {[%emt 0:06:03][%mdl 64] Remove Defender, Decoy} Rxa8 27. Rc8+ {[%emt 0:00:03] [#]} Qd8 $1 28. Rxd8+ Rxd8 29. Bxg6 hxg6 {[%emt 0:00:10][%mdl 4096] Endgame KRB-KRB} 30. Rd1 Bd5 31. Rc1 {[%emt 0:00:08] Threatens to win with Rc8.} Rxd7 32. Rc8+ Kh7 33. Rc7 Rxc7 34. Bxc7 {[%emt 0:00:04] KB-KB} g5 35. f3 Kg6 36. Kf2 f6 37. Bd6 e5 38. Bc5 Kf5 39. Bf8 $1 g6 40. Be7 {[%emt 0:00:07] Weighted Error Value: White=0.09 (flawless) /Black=0.10 (very precise)} 1/2-1/2

[Event "10th Cherry Blossom Classic 2023"]
[Site "Dulles"]
[Date "2023.05.29"]
[Round "7.5"]
[White "Tanenbaum, Zachary"]
[Black "Hilby, Craig"]
[Result "1/2-1/2"]
[ECO "C13"]
[WhiteElo "2261"]
[BlackElo "2401"]
[Annotator "TA"]
[PlyCount "64"]
[EventDate "2023.05.24"]
[EventType "swiss"]
[EventCountry "USA"]
[SourceTitle "playchess.com"]
[Source "ChessBase"]
[SourceQuality "1"]
[TimeControl "5400+30"]

1. e4 e6 2. d4 d5 3. Nc3 Nf6 4. Bg5 dxe4 5. Nxe4 Be7 6. Bxf6 gxf6 7. Nf3 f5 8. Nc3 a6 {[%emt 0:00:36] C13: French: Classical System: 4 Bg5 Be7, Alekhine-Chatard Attack.} 9. Qe2 b5 10. O-O-O b4 11. Na4 Qd5 12. b3 Nd7 13. Qd2 Bb7 14. Bc4 Qd6 {[%emt 0:00:50] [#]} 15. Rhe1 $146 (15. d5 $5 ) ({Predecessor:} 15. Qe2 Nb6 16. Nxb6 cxb6 17. Ne5 Bf6 18. Rhe1 O-O 19. Qh5 Qe7 20. Rd3 Bxe5 21. dxe5 {½-½ Pridorozhni,A (2519)-Looshnikov,N (2469) Urals-ch 72nd 2014 (4)}) 15... Rg8 {[%emt 0:11:44] [#] aiming for ...Bxf3.} 16. Qe3 (16. d5 $5 e5 17. g3 $11) 16... Rxg2 17. d5 $1 e5 (17... exd5 $2 18. Bxd5 f4 19. Qxe7+ (19. Bxb7 fxe3 20. Rxd6 Rb8 $18) 19... Qxe7 20. Bxb7 $18 (20. Rxe7+ Kxe7 21. Bxb7 Rag8 $18)) 18. Nxe5 Nxe5 19. Qxe5 Qxe5 20. Rxe5 Kf8 {[%emt 0:00:08] Strongly threatening ...Bd6.} 21. d6 $1 Bxd6 22. Rxf5 {[%emt 0:00:00] The position is equal.} Rg7 23. Nc5 {[%emt 0:00:00] Prevents Be4.} Bc8 {[%emt 0:00:10] A strong pair of Bishops.} 24. Ne6+ Bxe6 25. Bxe6 Re8 26. Bc4 Re5 27. Rf3 a5 28. h3 Ke7 29. Rd5 Rxd5 30. Bxd5 Be5 31. Kd2 f6 32. Rf5 Rg5 {[%emt 0:05:11] An interesting draw.   Weighted Error Value: White=0.03 (flawless) /Black=0.03 (flawless)} 1/2-1/2

[Event "10th Cherry Blossom Classic 2023"]
[Site "Dulles"]
[Date "2023.05.29"]
[Round "7.6"]
[White "Morefield, Jason"]
[Black "Druska, Juraj"]
[Result "0-1"]
[ECO "B12"]
[WhiteElo "2167"]
[BlackElo "2496"]
[Annotator "TA"]
[PlyCount "86"]
[EventDate "2023.05.24"]
[EventType "swiss"]
[EventCountry "USA"]
[SourceTitle "playchess.com"]
[Source "ChessBase"]
[SourceQuality "1"]
[TimeControl "5400+30"]

1. e4 c6 2. d4 d5 3. e5 Bf5 4. h4 h5 5. Bd3 Bxd3 6. Qxd3 {[%emt 0:00:06][%cal Oe5e6] With the idea e6! B12: Caro-Kann: Advance Variation.} Qa5+ 7. Nd2 {[%emt 0:00:11][%cal Oe5e6] Hoping for e6!} e6 8. Ngf3 {[%emt 0:00:37] The position is equal.} Nh6 $1 {[%emt 0:00:21] 8...Nh6 scores better than 8...Qa6.} 9. O-O Nf5 10. Nb3 Qb5 11. Qd1 (11. Qxb5 {simplifies} cxb5 12. a3 Be7 13. Bg5) 11... c5 12. dxc5 Bxc5 13. a4 Qb6 14. Nxc5 Qxc5 15. b3 Nc6 16. Bb2 {[%emt 0:08:32] [#]} Qb4 $146 ({Predecessor:} 16... Rd8 17. Qd2 Rh6 18. Ba3 Qb6 19. Rfe1 Rg6 20. Kh2 d4 21. Qd3 Rd5 22. Re4 Qc7 {0-1 Szpar,M (2434)-Gumularz,S (2539) EU-ch Rapid Katowice 2021 (10)}) 17. g3 Qg4 18. Kh2 (18. Nh2 {simplifies} Qxd1 19. Rfxd1 O-O 20. Nf3) 18... Rc8 19. Rc1 O-O 20. c4 ({White should play} 20. Re1 $15) 20... Rfd8 $17 {[%emt 0:00:25] ...dxc4 would be deadly. White is on the road to losing.} 21. cxd5 (21. Qe2 $15) 21... Rxd5 22. Qe2 Rcd8 {[%emt 0:20:10] Black has more active pieces.} 23. Rfd1 {[%emt 0:09:13] Repels Rd3} Rxd1 24. Rxd1 Rxd1 25. Qxd1 {[%emt 0:00:08] [#]} g5 $1 26. hxg5 (26. Qd3 $142 gxh4 27. Nxh4) 26... h4 $19 27. Qe2 hxg3+ 28. fxg3 Qxg3+ 29. Kh1 Qf4 {[%emt 0:10:50] ( -> ...Ng3+)} (29... Qh3+ $2 30. Kg1 $19) 30. Kg1 Nce7 {[%emt 0:03:10] aiming for ...Ng3. A dynamic duo of knights.} 31. Bc3 Ng6 32. Bd2 Nd4 33. Nxd4 Qxd4+ {[%emt 0:00:02][%mdl 4096] Endgame KQB-KQN} 34. Qe3 Qd5 ({Weaker is} 34... Qxe5 35. Qxe5 Nxe5 36. Kf2 $17) 35. b4 (35. Be1 $142) 35... Nxe5 (35... Qxe5 36. Qxa7 Qe2 37. Qe3 Qd1+ 38. Kf2 $17) 36. Bc1 a6 37. Qf4 $2 (37. Kf1) 37... Qd1+ 38. Kg2 Qe2+ 39. Kg3 Nd3 40. Qd2 Qe5+ 41. Kg4 Qe4+ 42. Kg3 Nxc1 {[%emt 0:02:15][%mdl 64] [#] Deflection} (42... Nxb4 43. Qd8+ Kh7 44. Qf8 Qe1+ 45. Kg2 Qe2+ 46. Kg3 Qd3+ 47. Kh4 Qe4+ 48. Kg3 Qd3+ 49. Kh4 Qc4+ 50. Kg3 Qc7+ 51. Kh3 $19 (51. Bf4 e5 $17)) 43. Qxc1 Qxb4 {[%emt 0:00:07] Weighted Error Value: White=0.32/Black=0.10 (very precise)} 0-1

[Event "10th Cherry Blossom Classic 2023"]
[Site "Dulles"]
[Date "2023.05.29"]
[Round "7.7"]
[White "Sinha, Sahil"]
[Black "Stearman, Josiah"]
[Result "0-1"]
[ECO "E35"]
[WhiteElo "2317"]
[BlackElo "2385"]
[Annotator "TA"]
[PlyCount "88"]
[EventDate "2023.05.24"]
[EventType "swiss"]
[EventCountry "USA"]
[SourceTitle "playchess.com"]
[Source "ChessBase"]
[SourceQuality "1"]
[TimeControl "5400+30"]

1. d4 Nf6 2. c4 e6 3. Nc3 Bb4 4. Qc2 d5 5. cxd5 exd5 6. Bg5 h6 7. Bh4 {[%emt 0:00:00] 7.Bh4 is better than 7.Bxf6.} Nc6 {[%emt 0:00:11] E35: Nimzo-Indian: Classical: 4...d5 5 cxd5 exd5.} 8. e3 g5 9. Bg3 h5 {[%emt 0:00:05] The position is equal.} 10. Bb5 h4 11. Be5 O-O 12. Bxc6 bxc6 13. a3 Bxc3+ 14. Qxc3 Rb8 {[%emt 0:00:17][%cal Ba8b8,Bb8b6,Bb6c6,Bc6c2,Bc2b2,Bb2b1,Bb1h1][%mdl 32] [#]} 15. Nf3 $146 {[%emt 0:00:00] Black converts the advantage convincingly.} (15. Rc1 $11) ({Predecessor:} 15. Qxc6 Ne8 16. h3 Rxb2 17. Ne2 Bd7 18. Qc3 Qb8 19. Nc1 Nd6 20. O-O Ne4 21. Qa5 {½-½ Shakirov,M (2139)-Kundianok,V (2142) St Petersburg-ch 95th 2022 (7)}) 15... Ne4 $17 16. Qxc6 {[%emt 0:00:00] [#]} Rb6 $1 17. Qc1 (17. Qxc7 $17 Qe8 18. O-O (18. Qxa7 $2 Qb5 $19)) 17... Qe8 $19 18. h3 (18. Bxc7 Rc6 19. Qd1 Rxc7 $19) (18. Qxc7 $2 Qb5 19. Rc1 (19. Qxa7 $2 Ba6 $19) 19... Ba6 $19) (18. O-O {was worth a try.} f6 19. Bxc7) 18... Ba6 {[%emt 0:04:01] Hoping for ...Qb5.} 19. b4 {[%emt 0:00:00] White is weak on the light squares} (19. Qxc7 Qb5 20. Qc2 Rc8) 19... Qb5 20. Qb2 {[%emt 0:00:00] Wards off Qe2+} Rc6 21. a4 Qd3 {[%emt 0:00:06] Strongly threatening ...Rc2.} 22. Rd1 (22. b5 Rc2 $19) 22... Rc2 $1 23. Rxd3 Rxb2 24. b5 {[%emt 0:00:00] [#]} Bxb5 $1 25. axb5 {[%emt 0:00:00] aiming for 0-0.} Rb1+ {[%emt 0:00:10][%mdl 64] Skewer} ({Resist} 25... Rxf2 26. Nxg5 (26. Bxc7 Rc2 $11) 26... f6 27. Nxe4 (27. Bxc7 $2 {too greedy.} fxg5 28. Rd1 Rc2 $19) 27... dxe4 28. Bh2 (28. Bxc7 Rc2 $16) (28. Kxf2 fxe5+ 29. Ke2 exd3+ 30. Kxd3 exd4 $16) 28... Rxg2 29. Rd2 $18) 26. Ke2 Rxh1 27. Nd2 Rc1 28. Nxe4 dxe4 {[%emt 0:00:07][%mdl 4096] Endgame KRR-KRB} 29. Ra3 f6 30. Kd2 Rc4 31. Bh2 Rb8 32. Rxa7 $2 (32. Ra5) 32... Rxb5 {[%emt 0:00:06] White must now prevent ...Rb2+.} 33. Rxc7 Rb2+ 34. Ke1 Ra4 35. Rc1 {[%emt 0:00:00] Wards off Ra1} Raa2 36. Bg1 Kf7 {[%emt 0:00:45] ...f5 is the strong threat.} 37. Kf1 f5 {[%emt 0:00:11] ( -> ...g4)} 38. Rd1 g4 {[%emt 0:00:54][%cal Bg5g4,Bg4g3][%mdl 32] Black mates.} 39. d5 g3 40. d6 Rd2 41. Rb1 Rxd6 42. Rc1 Rda6 43. fxg3 hxg3 44. Re1 Ra1 {[%emt 0:00:09] Weighted Error Value: White=0.56/Black=0.05 (flawless)} 0-1

[Event "10th Cherry Blossom Classic 2023"]
[Site "Dulles"]
[Date "2023.05.29"]
[Round "7.8"]
[White "Muzychuk, Anna"]
[Black "Senft, Sean"]
[Result "0-1"]
[ECO "B80"]
[WhiteElo "2504"]
[BlackElo "2089"]
[Annotator "TA"]
[PlyCount "106"]
[EventDate "2023.05.24"]
[EventType "swiss"]
[EventCountry "USA"]
[SourceTitle "playchess.com"]
[Source "ChessBase"]
[SourceQuality "1"]
[TimeControl "5400+30"]

1. e4 c5 2. Nf3 d6 3. d4 cxd4 4. Nxd4 Nf6 5. Nc3 a6 6. g3 e6 7. Bg2 Be7 8. O-O O-O 9. Be3 Qc7 10. f4 Nc6 11. Nb3 Nd7 {[%emt 0:08:46] B80: Sicilian Scheveningen: 6 g3 and 6 Be3, including English Attack.} 12. g4 b5 13. g5 b4 {[%emt 0:03:51] The position is equal.} 14. Ne2 {[%emt 0:05:25] [#]} Bb7 $146 ({Predecessor:} 14... Re8 15. c4 Bb7 16. Rc1 Bf8 17. Qd2 Nc5 18. Ng3 g6 19. Rfd1 e5 20. f5 a5 {1-0 Arias,L (2329)-Pilarte,R (2132) Panama op 3rd 2013 (8)}) 15. Ng3 Rfe8 16. Qg4 Bf8 17. Rad1 Ne7 18. Rf2 Rad8 19. h4 d5 20. e5 Nb6 21. h5 Nc4 22. Bc1 g6 (22... Qb6 $15 {keeps the upper hand.}) 23. hxg6 $16 hxg6 24. Bf3 (24. Qh3 {looks sharper.} Qb6 25. Bf3 Rc8 26. Nd4) 24... Qb6 25. Nd4 (25. Qh3 $14) 25... Nc6 $11 26. c3 (26. Nxc6 $1 $11 {was the only way to keep the balance.} Bxc6 27. Kg2) 26... Nxd4 $2 (26... Bc5 $17 27. Nge2 Kg7) 27. cxd4 $16 b3 28. a3 $36 {[%emt 0:05:08][%mdl 2048] White is in control.} Rc8 29. Rh2 ({White should play} 29. Qh4 $16) 29... Bg7 $1 $11 30. Qh4 Rc7 (30... Kf8 $11) 31. Qh7+ $16 Kf8 {[%emt 0:00:05] [#]} 32. Bh5 $1 {[%emt 0:00:06][%cal Oh5g6] And now Bxg6! would win.} Nxe5 (32... Bc6 $16) (32... Ree7 33. Rf2) 33. fxe5 $18 Bxe5 {[%emt 0:00:14] [#]} 34. Bxg6 $1 {[%emt 0:02:06][%cal Og1h1][%mdl 512] Hoping for Kh1!} Bxd4+ 35. Kh1 Be5 {[%emt 0:02:07] [#] Prevents Bf4} 36. Rf1 $1 Ree7 (36... d4+ 37. Ne4) 37. Bf4 f5 38. Qh6+ Bg7 {[%emt 0:00:24] [#]} 39. Bxc7 $2 (39. Nxf5 $1 $18 {White wants to mate with Qh8+.} Bxh6 40. Nxe7 d4+ 41. Kg1) 39... d4+ $11 40. Kg1 Rxc7 41. Qh3 {[%emt 0:02:41][%cal Og3f5] Intending Nxf5! and mate.} (41. Qh4 $5 d3+ $8 42. Rhf2 $11) 41... d3+ 42. Rhf2 {[%emt 0:00:05][%cal Og3f5] Nxf5! is the strong threat.} Bd4 $1 {[%emt 0:00:25][%cal Oc7c2] Against Nxf5. Threatens to win with ...Rc2! A strong pair of Bishops.} 43. Bxf5 Rc2 $1 $15 {[%emt 0:02:44][%mdl 64] Pin. Chess con chili. Black is much more active.} (43... Bxf2+ 44. Rxf2 Rc1+ 45. Nf1 exf5 46. Qxf5+ (46. Qh8+ Kf7 $11) 46... Ke8 47. Qxd3 $11) 44. Ne4 (44. Bxe6+ $2 Bxf2+ 45. Kh2 Ke7 46. Nf5+ Kxe6 $19) ({White should try} 44. Kh2 Rxf2+ 45. Rxf2 Bxf2 46. Qh8+ (46. Bxd3 $2 Bg1#) 46... Ke7 47. Qf6+ (47. Bxd3 $2 Bxg3+ 48. Kh3 Qg1 $19) 47... Kd7 48. Qf7+ (48. Bxd3 Qd4 $17) 48... Kd8 49. Bxe6 (49. Qxe6 $2 Qd4 $19)) 44... Bxe4 (44... Bxf2+ $6 45. Rxf2 exf5 46. Qxf5+ (46. Qh8+ $2 Ke7 $19) 46... Ke7 47. Qh7+ Kd8 48. Kf1 Rc1+ 49. Kg2 $11) (44... exf5 $17 45. Qxf5+ Ke7) 45. Bxe4+ $11 Rxf2 46. Rxf2+ {[%emt 0:03:15][%mdl 64] Remove Defender} Bxf2+ $17 {[%emt 0:00:05][%mdl 4096] Endgame KQB-KQB} 47. Kg2 Qe3 48. Qh6+ (48. Qxe6 $2 Qg3+ 49. Kh1 Qg1#) 48... Ke7 49. Qh7+ (49. Bxd3 $2 Qg3+ 50. Kf1 Bd4 51. Qh7+ Kd6 $19) 49... Kd6 {[%emt 0:03:12] ( -> ...Qg3+)} 50. Bxd3 $2 (50. Qh2+ $11 Kd7 51. Qh7+ Kd8 52. Qh8+ Ke7 53. Qh7+ (53. Bxd3 Qg3+ 54. Kf1 Qg1+ 55. Ke2 Qe1+ 56. Kf3 Qe3+ 57. Kg2 Qg3+ 58. Kf1 Qg1+ 59. Ke2 Qe1+ 60. Kf3 Qe3+ 61. Kg2 $17) 53... Kd8 54. Qh8+ Ke7 55. Qh7+ (55. Bxd3 Qg3+ 56. Kf1 Qg1+ 57. Ke2 Qe1+ 58. Kf3 Qe3+ 59. Kg2 Qg3+ 60. Kf1 Qg1+ 61. Ke2 Qe1+ 62. Kf3 Qe3+ 63. Kg2 $17)) 50... Qg3+ (50... Qxg5+ 51. Kxf2 Qf6+ 52. Ke3 Qg5+ 53. Kf3 Qf6+ 54. Ke3 Qxb2 55. Qh4 (55. Bxa6 Qc1+ 56. Ke2 Qb2+ 57. Kf3 Qf6+ 58. Kg2 Qg5+ 59. Kf3 Qf6+ 60. Kg2 Qg5+ 61. Kf3 Qf6+ $11) 55... Qc1+ 56. Kf3 Qxa3 57. Qd8+ (57. Qd4+ Ke7 $11) 57... Ke5 58. Qg5+ Kd6 59. Qf6 $11) 51. Kf1 Bd4 52. Ke2 Qf2+ {[%emt 0:00:00][%mdl 64] Skewer} (52... Bxb2 53. Qb7 Qh2+ 54. Ke3 Qe5+ 55. Kf3 $17) 53. Kd1 Be3 {[%emt 0:00:00] Black used his chance. An entertaining game by Senft.   Weighted Error Value: White=0.47/Black=0.39} ({Worse is} 53... Bxb2 54. Qb7 $17) 0-1